 Dungeon Crawl Stone Soup version 0.31.0-32-g396128a36d (webtiles) character file.

Game seed: 13366539036099557150

64 hyppocratees the Cudgeller (level 3, -1/31 HPs)
             Began as a Minotaur Berserker on Apr 12, 2024.
             Was a Believer of Trog.
             Slain by a gnoll
             ... wielding a +0 spear
              (4 damage)
             ... on level 2 of the Dungeon.
             The game lasted 00:06:07 (1573 turns).

hyppocratees the Cudgeller (Minotaur Berserker)     Turns: 1573, Time: 00:06:08

Health: -1/31      AC:  5    Str: 23    XL:     3   Next: 91%
Magic:  2/2        EV: 11    Int:  4    God:    Trog [**....]
Gold:   43         SH:  0    Dex:  9    Spells: 2/2 levels left

rFire   . . .        a - +0 mace
rCold   . . .        (no shield)
rNeg    . . .        m - +0 ring mail
rPois   .            (helmet restricted)
rElec   .            (no cloak)
rCorr   .            (no gloves)
SInv    .            (no boots)
Will    .....        (no amulet) Stlth
                     (no ring)
HPRegen 0.25/turn    (no ring)
MPRegen 0.08/turn

%: no passive effects
@: no status effects
A: horns 2, retaliatory headbutt
a: Renounce Religion, Berserk, Trog's Hand


You were on level 2 of the Dungeon.
You worshipped Trog.
Trog was pleased with you.
You visited 1 branch of the dungeon, and saw 2 of its levels.

You collected 43 gold pieces.

Inventory:

Hand Weapons
 a - a +0 mace (weapon)
 e - a +0 short sword
Armour
 b - a +0 animal skin
 m - a +0 ring mail (worn)
Scrolls
 f - 2 scrolls of immolation {unknown}
 h - a scroll of torment {unknown}
 i - a scroll of amnesia {unknown}
 j - a scroll of enchant weapon {unknown}
 l - a scroll of noise {unknown}
 n - a scroll of blinking {unknown}
 o - a scroll of identify {unknown}
 p - a scroll of fog {unknown}
Potions
 c - a potion of might {unknown}
 d - a potion of lignification {unknown}
 g - 4 potions of curing {unknown}
 k - a potion of enlightenment {unknown}


   Skills:
 - Level 3.6 Fighting
 + Level 5.9 Maces & Flails
 - Level 2.4 Armour
 - Level 2.1 Dodging


You had 2 spell levels left.
You didn't know any spells.
Your spell library was empty.

Dungeon Overview and Level Annotations

Branches:
Dungeon (2/15)

Altars:
Qazlal


Innate Abilities, Weirdness & Mutations

You have a pair of horns on your head.
You reflexively headbutt those who attack you in melee.


Message History

Found a scroll labelled WOMAGH IBOMIQ.
Found 8 gold pieces.
f - 2 scrolls labelled DECUCA BOATITE (gained 1)
Found a robe.
Found a white potion and 6 stones.
You now have 43 gold pieces (gained 8).
A goblin comes into view. It is wielding a +0 club.
The goblin shouts!
g - 4 white potions (gained 1)
You barely miss the goblin. The goblin hits you with a +0 club.
You barely miss the goblin. The goblin barely misses you.
You furiously retaliate!
You headbutt the goblin. You closely miss the goblin.
The goblin is severely wounded.
The goblin hits you but does no damage. The goblin misses you.
You furiously retaliate!
You headbutt the goblin!
You kill the goblin!
Trog accepts your kill.
Found a fuming sapphire potion. 2 gnolls come into view.
Found a scroll labelled ZEEPPO HUUHOSA.
The gnoll shouts!
The gnoll moves out of view.
A gnoll comes into view. It is wielding a +0 halberd.
You see here a scroll labelled WOMAGH IBOMIQ.
The gnoll moves out of view.
The gnoll shouts!
A gnoll comes into view. It is wielding a +0 halberd.
You see here a scroll labelled WOMAGH IBOMIQ.
p - a scroll labelled WOMAGH IBOMIQ The gnoll closely misses you.
The gnoll hits you from afar with a +0 halberd.
The gnoll hits you but does no damage. x2
The gnoll hits you with a +0 halberd! The gnoll hits you with a +0 spear.
The gnoll barely misses you.
The gnoll hits you from afar with a +0 spear.
The gnoll hits you from afar with a +0 halberd!
* * * LOW HITPOINT WARNING * * *
The gnoll hits you from afar with a +0 spear.
You die...

.... ...
##.###+######## ....
###.####..##.........#
....
.....................+
..##
####.###..##..........#
..#
....!###.###..........#
....
......[....#..........#
...
####.##.##.#....)######
... #.##g##.#.....#
#..gg.@.#..(..#
.....#g#####.....# ..?.
#. #.....# ### ..
#.....# .## #.....# #.
#


You could see 4 gnolls.

Vanquished Creatures
  2 adders (D:2)
  A dart slug (D:1)
  A ribbon worm (D:2)
  3 ball pythons
  3 bats (D:1)
  5 endoplasms
  A giant cockroach (D:2)
  5 goblins
  5 hobgoblins
  4 kobolds (D:1)
  3 quokkas (D:1)
  4 rats (D:1)
37 creatures vanquished.

Notes
Turn   | Place    | Note
-------+----------+-------------------------------------------
     0 | D:1      | hyppocratees the Minotaur Berserker began the quest for the
                  | Orb.
     0 | D:1      | Reached XP level 1. HP: 19/19 MP: 0/0
   132 | D:1      | Reached skill level 4 in Maces & Flails
   420 | D:1      | Reached XP level 2. HP: 26/26 MP: 1/1
   494 | D:1      | Found a faded altar of an unknown god.
   692 | D:1      | Reached skill level 5 in Maces & Flails
   760 | D:1      | Reached ** piety under Trog
  1080 | D:1      | Reached XP level 3. HP: 31/31 MP: 2/2
  1252 | D:2      | Found a stormy altar of Qazlal.
  1573 | D:2      | Slain by a gnoll

Illustrated notes

Levels and vault maps discovered:
D:1:      lightli_arrival_farm, layout_basic, basic_ecumenical_altar
D:2:      layout_basic, basic_altar

Skill      XL: |  1  2 |
---------------+-------+-----
Maces & Flails | 4 5 |  5.9
Fighting       | |  3.6
Armour         | |  2.4
Dodging        | |  2.1

Action                     || total
---------------------------++-------
  Melee: Mace              ||    82
         Headbutt          ||    10
         Punch             ||     1
   Stab: Sleeping          ||     1
 Armour: Animal skin       ||    26
         Ring mail         ||    19
  Dodge: Dodged            ||    53
